Map: New Repugnancy LE

Players

MarineLorD

  • Race: Terran Terran
  • League: Grandmaster
  • Spawn Location: 1:00

soul - Winner!

  • Race: Terran Terran
  • League: Grandmaster
  • Spawn Location: 7:00

Event: 2019 WCS Winter Europe

VOD

Have the link to the VOD?

Description

Time

  • Played on: Feb. 8, 2019, 11:12 a.m.
  • Length: 21:41

All games in this series

Show
View Real Time Build Order
Export as new Build Order

MarineLorD Terran 

Build Orders:  

Get SALT Encoding   

  12  0:00  SCV  
  13  0:12  SCV  
  14  0:17  Supply Depot  
  14  0:24  SCV  
  15  0:29  Refinery  
  15  0:38  SCV  
  16  0:44  Barracks  
  16  0:50  SCV  
  16  0:57  Refinery  
  17  1:03  SCV  
  18  1:15  SCV  
  19  1:31  Reaper, Orbital Command  
  20  1:35  Factory  
  20  1:48  Supply Depot  
  20  1:56  SCV  
  21  2:03  Reaper  
  21  2:08  SCV  
  23  2:18  Hellion  
  23  2:20  SCV  
  26  2:29  Command Center  
  26  2:33  SCV  
  26  2:35  Reaper  
  28  2:39  Hellion  
  30  2:45  Supply Depot  
  30  2:47  SCV  
  31  2:57  Starport  
  31  3:02  Factory Tech Lab  
  31  3:06  SCV  
  31  3:07  Barracks Reactor  
  32  3:18  SCV  
  33  3:21  Cyclone  
  33  3:22  Refinery  
  36  3:31  SCV  
  36  3:33  Starport Tech Lab  
  37  3:40  Orbital Command  
  37  3:43  SCV, Marine  
  37  3:44  Marine  
  40  3:51  Raven  
  40  3:55  SCV  
  43  3:59  Siege Tank  
  46  4:04  Marine  
  46  4:07  SCV  
  48  4:10  SCV  
  48  4:16  Supply Depot  
  49  4:19  SCV  
  49  4:21  Marine  
  49  4:22  SCV, Marine  
  53  4:25  Supply Depot  
  53  4:32  SCV  
  53  4:38  SCV  
  55  4:39  Marine x2  
  55  4:44  SCV  
  58  4:50  SCV  
  58  4:53  Raven  
  58  4:54  Siege Tank  
  58  4:56  SCV  
  58  4:59  Marine x2  
  66  5:01  Supply Depot  
  66  5:02  SCV  
  67  5:08  SCV  
  67  5:14  Supply Depot  
  68  5:15  SCV  
  68  5:18  Command Center  
  68  5:21  Marine  
  70  5:22  SCV, Marine  
  70  5:25  Supply Depot  
  73  5:30  Siege Tank  
  73  5:34  SCV  
  77  5:37  SCV  
  77  5:41  Refinery  
  77  5:44  Supply Depot  
  77  5:47  SCV  
  77  5:48  Viking  
  80  5:50  Viking  
  80  5:54  SCV  
  80  5:57  Stimpack, Marine  
  83  6:00  SCV  
  83  6:03  Siege Tank  
  88  6:07  SCV  
  88  6:09  Supply Depot  
  89  6:12  SCV  
  89  6:14  Marine  
  91  6:19  SCV  
  91  6:24  SCV  
  91  6:25  Viking x2  
  95  6:31  SCV  
  95  6:35  Siege Tank  
  95  6:37  SCV, Engineering Bay  
  99  6:40  Engineering Bay  
  99  6:49  SCV  
  99  6:52  Orbital Command  
  99  6:54  Marine  
  99  6:55  Viking x2  
  99  6:58  SCV  
  105  7:05  Barracks x2  
  105  7:07  Terran Infantry Weapons Level 1  
  105  7:08  Terran Infantry Armor Level 1  
  105  7:09  SCV  
  105  7:10  SCV  
  105  7:15  Marine  
  106  7:23  Siege Tank  
  108  7:31  Viking  
  108  7:32  SCV  
  101  7:38  SCV  
  101  7:42  Viking  
  101  7:43  SCV  
  104  7:46  SCV  
  104  7:53  SCV  
  104  7:55  SCV, Siege Tank  
  109  8:01  Viking, SCV  
  103  8:09  SCV  
  103  8:12  Medivac  
  102  8:14  Barracks Reactor  
  102  8:16  SCV  
  102  8:17  Marine  
  102  8:19  Barracks  
  101  8:22  Barracks  
  101  8:23  Barracks  
  101  8:24  SCV x2  
  101  8:26  Refinery x2  
  103  8:27  Combat Shield  
  103  8:28  SCV  
  103  8:30  Medivac  
  106  8:36  SCV x2  
  106  8:37  Supply Depot  
  106  8:38  Armory  
  108  8:42  SCV  
  108  8:48  SCV x2  
  110  8:49  Marine  
  110  8:50  Marine x2  
  110  8:52  Siege Tank  
  110  8:55  SCV  
  118  8:58  Command Center  
  118  9:00  SCV, Supply Depot x2  
  118  9:01  SCV  
  120  9:05  Sensor Tower  
  120  9:07  SCV, Marine, Supply Depot  
  120  9:08  Barracks Reactor  
  122  9:12  SCV, Viking x2  
  122  9:15  Barracks Reactor x2  
  127  9:17  Marine x2  
  127  9:21  SCV x2  
  131  9:24  SCV  
  131  9:29  Terran Infantry Weapons Level 2  
  131  9:31  Terran Infantry Armor Level 2  
  131  9:36  Marine, Barracks Reactor  
  131  9:37  Marine x2  
  134  9:45  Marine x2  
  135  9:49  Viking x2  
  135  9:52  Marine x2  
  141  9:54  Marine x5, Terran Vehicle Weapons Level 1  
  141  9:57  Supply Depot  
  141  9:58  Supply Depot x3  
  145  10:03  Marine x2  
  146  10:07  Siege Tank  
  146  10:09  Marine x2  
  146  10:12  Marine x5  
  156  10:20  Marine x2  
  156  10:21  Marine x2  
  154  10:26  Medivac x2  
  154  10:27  Marine x2  
  160  10:30  Marine x5  
  165  10:38  Marine x3  
  165  10:39  Siege Tank, Marine  
  169  10:45  Marine x2  
  169  10:47  Marine  
  169  10:48  Command Center, Marine x4  
  176  10:56  Medivac x2, Marine x2  
  182  11:02  Sensor Tower  
  182  11:09  Marine  
  182  11:10  Marine  
  182  11:11  Marine  
  154  11:12  Marine  
  154  11:14  Marine x2  
  154  11:15  Marine  
  154  11:17  Marine x2  
  149  11:19  Marine  
  149  11:22  Planetary Fortress  
  149  11:24  Marine  
  151  11:27  Marine  
  151  11:28  Marine  
  151  11:29  Marine  
  151  11:30  SCV, Marine  
  151  11:32  Sensor Tower, Marine  
  158  11:38  Viking x2  
  161  11:43  Command Center  
  161  11:46  Terran Infantry Weapons Level 3  
  161  11:51  Refinery x2  
  161  11:55  Terran Vehicle Weapons Level 2  
  161  12:00  Terran Infantry Armor Level 3  
  161  12:08  Viking  
  161  12:10  Marine x2  
  161  12:11  Marine x5  
  161  12:12  Marine  
  171  12:18  Marine x2  
  171  12:21  Siege Tank  
  176  12:31  Viking  
  176  12:35  Marine x3  
  176  12:37  Marine x7  
  181  12:38  Viking  
  181  12:39  Marine  
  183  12:53  Orbital Command, Marine x3  
  183  12:54  Marine x2  
  183  12:55  Marine x5  
  193  12:58  Marine  
  184  13:11  Marine x3  
  184  13:12  Marine x4  
  179  13:13  Marine x3  
  179  13:15  Siege Tank  
  179  13:16  Marine  
  171  13:29  Marine x3  
  171  13:30  Marine x5  
  171  13:31  Marine x2  
  181  13:34  Marine  
  180  13:47  Siege Tank, Marine x3  
  180  13:48  Marine x5  
  160  13:49  Marine  
  160  13:54  Liberator x2  
  160  13:55  Starport, Factory  
  162  13:56  Starport, Marine  
  162  13:59  Planetary Fortress  
  163  14:05  Marine x2  
  163  14:06  Marine x2  
  173  14:19  Siege Tank  
  173  14:23  Marine x2  
  176  14:36  Starport Tech Lab x2  
  176  14:37  Liberator x2  
  176  14:38  Terran Ship Weapons Level 1, Armory  
  176  14:39  Hi-Sec Auto Tracking  
  176  14:40  Missile Turret  
  176  14:42  Command Center  
  175  14:51  Siege Tank  
  184  15:02  Factory Tech Lab  
  183  15:14  Orbital Command  
  183  15:15  Marine x2  
  183  15:17  Marine x4  
  175  15:23  Marine x2  
  175  15:24  Marine x2  
  175  15:25  Marine  
  173  15:33  Marine x2  
  173  15:35  Marine x3  
  176  15:39  Raven x2  
  176  15:41  Marine  
  176  15:42  Marine x2  
  178  15:44  Marine x3  
  178  15:46  Siege Tank  
  178  15:47  Siege Tank  
  178  15:48  Sensor Tower  
  180  15:51  Marine x2  
  180  15:53  Marine x3  
  180  15:55  SCV x2  
  187  15:58  Marine  
  187  16:00  Marine x2  
  189  16:08  Marine x2  
  177  16:13  Viking  
  177  16:17  Marine  
  179  16:19  SCV x3  
  179  16:22  Marine x2  
  184  16:25  Raven  
  184  16:26  Marine x2  
  184  16:29  Marine x2  
  186  16:54  Siege Tank  
  187  16:55  Orbital Command  
  187  16:56  Marine x4  
  187  16:57  Marine  
  187  17:00  Marine  
  187  17:01  Liberator, Marine x2  
  195  17:03  Siege Tank  
  195  17:07  Liberator x2  
  187  17:08  Raven  
  187  17:14  Marine x5  
  194  17:17  Marine  
  194  17:18  Marine x2  
  198  17:32  Marine x2  
  198  17:51  Raven  
  180  18:05  Marine  
  180  18:06  Marine x7  
  180  18:09  Viking x2  
  180  18:10  Starport Reactor  
  180  18:12  Siege Tank  
  183  18:19  Fusion Core  
  183  18:20  Refinery x2  
  183  18:23  Marine x3, Refinery  
  183  18:24  Marine x3  
  183  18:25  Siege Tank, Refinery  
  192  18:27  Marine  
  192  18:29  Barracks Reactor  
  193  18:34  Raven  
  193  18:39  Terran Ship Weapons Level 2, Viking  
  197  18:42  Terran Vehicle And Ship Armor Level 1  
  197  18:44  Sensor Tower  
  197  18:48  Viking  
  199  18:49  SCV  
  199  18:50  Liberator  
  198  19:09  Advanced Ballistics  
  191  19:17  Viking x3  
  191  19:18  Viking  
  186  19:33  Marine  
  191  19:40  Orbital Command  
  191  19:41  Siege Tank  
  187  19:47  Viking x3  
  187  19:48  Viking  
  187  19:50  Viking  
  187  19:51  Planetary Fortress  
  196  20:16  Siege Tank  
  196  20:17  Viking  
  172  20:37  Marine x3  
  172  20:39  Marine x4  
  172  20:40  Marine x2  
  142  20:52  Viking x2  
  142  20:53  SCV x2  
  142  20:55  Marine x3  
  142  20:57  Marine x4  
  149  21:10  Marine  
  148  21:14  Marine x2  
  148  21:15  Marine  
  148  21:16  Marine x2  
  148  21:17  Marine  
  148  21:18  Marine  
  155  21:21  Command Center  
Show
View Real Time Build Order
Export as new Build Order

soul Terran - Winner!

Build Orders: Cyclone Opening, Gas First Reaper Expand 

Get SALT Encoding   

  12  0:01  SCV  
  13  0:13  SCV  
  14  0:17  Supply Depot  
  14  0:25  SCV  
  15  0:28  Refinery  
  15  0:39  SCV  
  16  0:45  Barracks  
  16  0:51  SCV  
  17  1:03  SCV  
  18  1:15  SCV  
  19  1:32  Reaper, Orbital Command  
  20  1:43  Command Center  
  20  1:54  Factory  
  20  1:58  SCV  
  21  2:06  Barracks Reactor  
  21  2:08  Supply Depot  
  21  2:12  SCV  
  21  2:15  Refinery  
  22  2:24  SCV  
  23  2:36  SCV  
  24  2:38  Factory Tech Lab  
  24  2:43  Marine x2  
  26  2:48  SCV  
  27  2:55  Orbital Command  
  27  2:56  Cyclone  
  30  3:00  SCV  
  30  3:01  Marine x2  
  33  3:07  Starport  
  33  3:14  SCV  
  34  3:22  SCV, Bunker  
  34  3:24  Refinery  
  34  3:25  Marine  
  36  3:27  Marine  
  36  3:31  SCV  
  38  3:35  SCV  
  38  3:39  Factory Tech Lab  
  39  3:43  SCV  
  39  3:44  Marine  
  39  3:45  Marine  
  39  3:47  SCV  
  43  3:51  Raven  
  43  3:52  Supply Depot  
  45  3:55  SCV  
  45  3:59  Supply Depot  
  46  4:07  Supply Depot  
  46  4:11  SCV  
  46  4:14  SCV, Siege Tank  
  50  4:17  Marine  
  50  4:18  Marine  
  50  4:24  SCV, Supply Depot  
  53  4:26  SCV  
  54  4:35  Raven, Marine  
  54  4:36  SCV, Marine  
  54  4:38  SCV  
  59  4:48  SCV  
  59  4:51  SCV  
  59  4:53  Marine  
  59  4:54  Marine  
  61  5:00  SCV, Supply Depot  
  61  5:03  SCV, Siege Tank  
  61  5:06  Supply Depot  
  66  5:12  SCV  
  68  5:15  SCV  
  68  5:18  Command Center  
  68  5:19  Refinery  
  68  5:24  SCV  
  68  5:26  Viking x2  
  68  5:27  SCV  
  74  5:28  Stimpack  
  74  5:30  Marine  
  74  5:36  SCV  
  74  5:39  SCV  
  74  5:42  Siege Tank, Supply Depot  
  79  5:47  Liberator  
  79  5:48  SCV  
  80  5:51  SCV  
  81  5:57  Barracks x2  
  81  6:00  SCV, Supply Depot  
  85  6:05  Viking, Supply Depot  
  85  6:06  SCV  
  88  6:19  Engineering Bay x2  
  88  6:22  SCV  
  89  6:26  SCV  
  90  6:33  Marine  
  90  6:34  Siege Tank  
  90  6:35  Viking  
  90  6:36  SCV  
  97  6:44  Orbital Command  
  97  6:45  SCV  
  97  6:46  Barracks Reactor  
  97  6:47  Viking  
  99  6:54  Terran Infantry Weapons Level 1, Terran Infantry Armor Level 1  
  99  6:56  Barracks Reactor  
  99  6:59  SCV  
  100  7:02  SCV  
  100  7:07  Siege Tank  
  104  7:10  SCV  
  104  7:11  SCV  
  104  7:14  SCV  
  106  7:22  SCV, Viking  
  105  7:23  SCV  
  105  7:26  SCV  
  109  7:30  Viking  
  109  7:32  Marine  
  109  7:33  Marine x2  
  109  7:34  SCV  
  109  7:35  SCV  
  114  7:37  Marine  
  114  7:38  SCV, Marine  
  114  7:44  Refinery x2  
  117  7:46  SCV  
  117  7:47  SCV  
  117  7:50  SCV, Marine x3  
  123  7:52  Viking  
  122  7:58  SCV  
  122  7:59  SCV  
  122  8:01  Medivac  
  122  8:03  Marine  
  122  8:04  SCV  
  108  8:09  Marine x3  
  108  8:11  Marine  
  106  8:15  Combat Shield  
  106  8:18  Barracks  
  105  8:21  Barracks, Marine  
  105  8:22  Armory, Medivac  
  105  8:23  Supply Depot  
  108  8:27  Marine x3  
  108  8:29  Marine  
  108  8:31  Medivac  
  108  8:32  Factory  
  114  8:38  SCV, Marine  
  114  8:40  Sensor Tower  
  116  8:45  Marine x3  
  116  8:46  Siege Tank  
  116  8:47  Marine  
  123  8:56  Marine, Supply Depot  
  123  8:59  Supply Depot  
  123  9:00  SCV  
  125  9:03  Marine x3  
  125  9:04  Marine  
  125  9:06  Command Center  
  129  9:10  Barracks Reactor x2  
  129  9:14  Marine  
  129  9:15  Terran Infantry Weapons Level 2, Terran Infantry Armor Level 2  
  130  9:17  Factory Tech Lab  
  130  9:20  Marine x2  
  130  9:21  Terran Vehicle Weapons Level 1  
  130  9:22  Marine x2  
  134  9:28  Siege Tank  
  137  9:32  Supply Depot, Marine  
  138  9:38  Marine x2  
  138  9:40  SCV x2, Marine x2  
  138  9:41  SCV, Supply Depot  
  138  9:42  Supply Depot  
  138  9:43  Siege Tank  
  148  9:46  Marine  
  149  9:53  Marine x4  
  149  9:55  Supply Depot x2  
  149  9:56  Marine  
  154  10:02  Marine  
  154  10:03  Supply Depot  
  154  10:05  Supply Depot  
  154  10:07  Marine  
  155  10:08  Marine  
  155  10:13  Viking  
  158  10:18  Starport x2  
  154  10:24  Siege Tank  
  154  10:26  Marine  
  154  10:27  Marine x8  
  166  10:29  Siege Tank  
  156  10:44  Marine x5  
  156  10:45  Marine x4  
  165  10:50  Planetary Fortress  
  165  10:53  SCV  
  165  10:56  Siege Tank  
  169  11:00  Starport Reactor, Starport Tech Lab  
  169  11:01  Siege Tank  
  169  11:02  Marine x8  
  145  11:11  Marine  
  126  11:18  Medivac  
  126  11:20  Marine x8  
  126  11:22  Medivac  
  126  11:23  Medivac  
  140  11:28  Siege Tank  
  140  11:29  Marine  
  140  11:33  Siege Tank, Terran Infantry Weapons Level 3  
  140  11:36  Refinery x2  
  140  11:39  Terran Infantry Armor Level 3  
  143  11:41  Marine x2  
  143  11:42  Marine  
  143  11:46  Marine x4  
  152  11:49  Marine  
  151  11:57  Marine  
  151  11:59  Marine x2  
  151  12:00  Raven  
  156  12:02  Siege Tank  
  156  12:06  Command Center  
  156  12:07  Siege Tank  
  161  12:09  Marine  
  161  12:10  Marine x3  
  161  12:11  Marine x2  
  161  12:15  Marine  
  167  12:16  Marine  
  167  12:20  Marine  
  170  12:27  Marine  
  170  12:28  Marine x5  
  173  12:33  Marine  
  173  12:34  Marine  
  173  12:35  Siege Tank  
  172  12:38  Marine  
  172  12:42  Siege Tank  
  175  12:45  Marine  
  175  12:46  Marine x5  
  168  12:52  Marine  
  168  12:54  Marine  
  170  13:01  Marine  
  170  13:03  Marine  
  170  13:04  Medivac x2  
  170  13:05  Marine x5  
  159  13:06  Medivac  
  159  13:10  Siege Tank, Marine  
  159  13:12  Marine  
  156  13:15  Medivac  
  156  13:19  Marine  
  157  13:20  Marine  
  157  13:23  Marine x5  
  157  13:25  Medivac  
  155  13:28  Marine  
  155  13:29  Marine  
  155  13:33  Sensor Tower  
  157  13:34  Medivac x2  
  157  13:37  Marine  
  157  13:38  Marine  
  157  13:39  Medivac  
  157  13:41  Marine x5  
  162  13:46  Marine  
  162  13:47  Marine  
  143  13:54  Planetary Fortress  
  143  13:55  Marine  
  143  13:56  Marine  
  143  13:58  Marine  
  143  13:59  Marine x4  
  143  14:02  Raven  
  147  14:03  Corvid Reactor, Marine  
  147  14:05  Marine  
  151  14:12  Marine  
  151  14:14  Marine  
  151  14:16  Marine x5  
  155  14:19  SCV x2  
  155  14:20  Siege Tank  
  155  14:21  SCV, Marine  
  155  14:23  SCV, Marine  
  164  14:30  Marine  
  164  14:31  SCV  
  164  14:32  Marine  
  164  14:34  SCV, Marine x5  
  172  14:39  Marine  
  172  14:41  Marine  
  172  14:45  Raven, Siege Tank  
  177  14:48  Marine  
  177  14:49  Marine  
  177  14:52  Marine x4  
  185  14:54  Siege Tank, Marine  
  185  14:55  Viking x2  
  185  14:59  Marine x2  
  193  15:06  Marine  
  194  15:07  Marine  
  194  15:10  Marine x2  
  194  15:12  Marine  
  197  15:15  Viking  
  199  15:22  Viking  
  199  15:26  Siege Tank  
  195  15:29  Siege Tank  
  195  15:30  Medivac  
  200  15:42  Terran Vehicle Weapons Level 2  
  198  15:47  Command Center, Marine  
  198  15:48  Command Center  
  198  15:49  Viking  
  200  16:07  Marine x2  
  200  16:08  Marine  
  200  16:09  Marine  
  200  16:10  Marine  
  197  16:13  Viking x2  
  197  16:14  Viking  
  197  16:18  Viking  
  196  16:21  Siege Tank  
  199  16:31  Marine  
  192  16:41  Viking  
  192  16:43  Viking  
  192  16:47  Marine  
  196  16:48  Viking  
  190  17:07  Siege Tank  
  176  17:09  Marine x3  
  176  17:12  Siege Tank  
  177  17:17  Marine  
  177  17:19  Marine x5  
  168  17:27  Marine x3  
  166  17:34  Raven  
  166  17:35  Marine  
  166  17:36  Marine x2  
  166  17:37  Marine x3  
  170  17:39  Siege Tank  
  177  17:45  Siege Tank, Marine x3  
  176  17:53  Marine  
  176  17:54  Marine x5  
  182  18:03  Marine x3  
  160  18:10  Marine  
  160  18:11  Siege Tank  
  160  18:12  Marine x5  
  151  18:13  Medivac x4  
  151  18:17  Siege Tank  
  161  18:20  Marine  
  161  18:21  Marine x2  
  161  18:25  Sensor Tower, Refinery x2  
  161  18:26  Refinery  
  163  18:28  Marine  
  163  18:30  Marine x5  
  163  18:31  SCV x3  
  172  18:34  SCV  
  172  18:38  Marine x3  
  176  18:43  Siege Tank  
  176  18:46  Marine  
  176  18:48  Marine x5  
  185  18:56  Marine x3  
  185  19:01  Siege Tank  
  191  19:04  Marine  
  191  19:05  Marine  
  191  19:06  Marine x4  
  197  19:11  Orbital Command  
  197  19:14  Medivac, Marine x2  
  200  19:22  Marine  
  200  19:30  Siege Tank  
  179  19:33  Siege Tank  
  179  19:35  Viking x4  
  177  19:39  Marine  
  177  19:42  Marine  
  177  19:43  Marine x7  
  186  19:56  Refinery  
  186  19:57  Marine  
  187  20:00  Marine x8  
  187  20:02  Siege Tank  
  187  20:05  Siege Tank  
  200  20:18  Marine x3  
  193  20:26  Medivac x3  
  193  20:27  Marine  
  193  20:28  Marine x3  
  199  20:32  Marine  
  199  20:33  Marine  
  199  20:34  Orbital Command  
  183  20:39  Medivac x2  
  183  20:40  Marine x3  
  146  20:45  Marine x4  
  139  20:50  Marine  
  139  20:51  Marine  
  139  20:56  Medivac  
  142  20:57  Marine  
  142  20:58  Marine x2  
  142  21:03  Marine x4  
  149  21:08  Marine  
  149  21:09  Marine  
  150  21:15  Marine x3  
  148  21:21  Marine x4  
Tags
 
Add a new tag
Caveats
  • Supply blocks, unpowered buildings, or Contaminate may cause inaccurate times.
  • Supply counts are checked every 10 seconds.